 Dungeon Crawl Stone Soup version 0.28.0-43-g3370ac3207 (webtiles) character file.

Game seed: 13608876505031779764

180 Zeld the Magician (level 5, 0/28 HPs)
             Began as a Deep Elf Fire Elementalist on Mar 16, 2022.
             Slain by a hobgoblin (1 damage)
             ... on level 4 of the Dungeon.
             The game lasted 00:01:37 (2943 turns).

Zeld the Magician (Deep Elf Fire Elementalist)      Turns: 2943, Time: 00:01:38

Health: 0/28       AC:  2    Str:  5    XL:     5   Next: 33%
Magic:  10/14      EV: 13    Int: 22    God:
Gold:   29         SH:  0    Dex: 15    Spells: 6/13 levels left

rFire   . . .      SeeInvis .   (no weapon)
rCold   . . .      Faith    .   (no shield)
rNeg    . . .      Spirit   .   a - +0 robe
rPois   .          Reflect  .   (no helmet)
rElec   .          Harm     .   (no cloak)
rCorr   .          Rampage  .   (no gloves)
Will    .....                   (no boots)
Stlth   ++........              (no amulet)
HPRegen 0.09/turn               (no ring)
MPRegen 0.14/turn               (no ring)

@: no status effects
A: no striking features
a: no special abilities


You were on level 4 of the Dungeon.
You visited 1 branch of the dungeon, and saw 4 of its levels.

You collected 59 gold pieces.
You spent 30 gold pieces at shops.

Inventory:

Armour
 a - a +0 robe (worn)
Wands
 i - a wand of flame (19)
Scrolls
 b - a scroll of blinking {unknown}
 c - 4 scrolls of teleportation {unknown}
 d - a scroll of silence {unknown}
 e - 2 scrolls of amnesia {unknown}
 h - 2 scrolls of identify {unknown}
 j - a scroll of holy word {unknown}
Potions
 f - a potion of attraction {unknown}
 g - a potion of flight


   Skills:
 + Level 3.4 Dodging
 + Level 3.3 Stealth
 * Level 4.9 Spellcasting
 + Level 2.3 Conjurations
 * Level 4.4 Fire Magic


You had 6 spell levels left.
You knew the following spells:

 Your Spells              Type           Power      Damage    Failure   Level
a - Foxfire               Conj/Fire      80%        2x1d8     2%          1
b - Scorch                Fire           50%        2d7       2%          2
c - Flame Wave            Conj/Fire      20%        2d7       26%         4

Your spell library contained the following spells:

 Spells                   Type           Power      Damage    Failure   Level
 Conjure Flame            Conj/Fire      20%        6-21      8%          3
 Inner Flame              Hex/Fire       15%        N/A       12%         3


Dungeon Overview and Level Annotations

Branches:
Dungeon (4/15)
 Temple: D:4-7

Altars:

Shops:
D:2 !


Message History

The orc shouts!
The endoplasm quivers.
The foxfire hits the endoplasm.
The endoplasm is moderately wounded.
The orc priest looks satisfied for a moment.
There are monsters nearby!
An orc priest comes into view. It is wielding a +0 hand axe.
Casting: Foxfire (safe; 2% risk of failure)
Confirm with . or Enter, or press ? or * to list all spells.
You miscast Foxfire.
You are very lightly contaminated with residual magic.
Nothing appears to happen.
The endoplasm freezes you.
You are frozen.
The orc priest invokes the aid of Beogh against you.
Beogh smites you!
Your foxfire dissipates!
The endoplasm barely misses you.
Your magical contamination has completely faded away.
The orc priest begins to cast a cantrip, but forgets the words!
The endoplasm closely misses you.
There is a stone staircase leading down here.
Casting: Foxfire (safe; 2% risk of failure)
Confirm with . or Enter, or press ? or * to list all spells.
Flames lash the endoplasm.
You kill the endoplasm!
The orc priest mumbles some strange prayers to Beogh against you.
Beogh smites you!
* * * LOW HITPOINT WARNING * * *
The hobgoblin hits you.
* * * LOW HITPOINT WARNING * * *
You climb downwards.
There is a stone staircase leading up here.
Casting: Scorch (safe; 2% risk of failure)
Confirm with . or Enter, or press ? or * to list all spells.
Flames lash the hobgoblin.
The hobgoblin is almost dead.
The hobgoblin's fire resistance burns away.
The hobgoblin hits you.
You die...

# ..
###.#######
.......g..#
.......@#
.##.###.#
#.# #.# #.#
..# ..# ..#


You could see a hobgoblin (combustible).

Vanquished Creatures
  A black bear (D:3)
  2 adders
  2 worms (D:2)
  A dart slug (D:1)
  An orc (D:3)
  7 ball pythons
  4 bats (D:1)
  8 endoplasms
  7 giant cockroaches
  5 goblins
  3 hobgoblins
  3 quokkas
  3 frilled lizards
  6 kobolds
  11 rats
64 creatures vanquished.

Vanquished Creatures (others)
  266 foxfires
266 creatures vanquished.

Grand Total: 330 creatures vanquished

Notes
Turn   | Place    | Note
-------+----------+-------------------------------------------
     0 | D:1      | Zeld the Deep Elf Fire Elementalist began the quest for the
                  | Orb.
     0 | D:1      | Reached XP level 1. HP: 10/10 MP: 6/6
   240 | D:1      | Reached XP level 2. HP: 15/15 MP: 5/8
   310 | D:1      | Learned a level 2 spell: Scorch
   397 | D:1      | Found a faded altar of an unknown god.
  1095 | D:1      | Reached XP level 3. HP: 16/19 MP: 6/10
  1918 | D:2      | Found Fotwukh's Distillery.
  1984 | D:2      | Bought a potion of flight for 30 gold pieces
  2102 | D:2      | Reached XP level 4. HP: 24/24 MP: 4/12
  2400 | D:2      | Learned a level 4 spell: Flame Wave
  2684 | D:3      | Noticed a black bear
  2691 | D:3      | Killed a black bear
  2692 | D:3      | Reached XP level 5. HP: 28/28 MP: 8/14
  2941 | D:3      | HP: 1/28 [hobgoblin (4)]
  2943 | D:4      | Slain by a hobgoblin

Illustrated notes

Levels and vault maps discovered:
D:1:      dpeg_arrival_stone_temple_mockup, layout_basic,
          shapermc_ecumenical_altar_mp_ritualfount, minmay_misc_feat_roman
D:2:      layout_rooms, serial_shops, shop, nrook_mini_backslash
D:3:      kennysheep_big_flooded_room, layout_loops_ring,
          uniq_crazy_yiuf_cottage
D:4:      layout_loops_ring, tgw_fedhas, serial_shops, nicolae_take_the_stairs,
          solitary_fountain, dk_noncrumbling_2, corexii_item_surrounded_by_moat

Skill      XL: |  1  2  3  4 |
---------------+-------------+-----
Spellcasting   | 4 |  4.9
Conjurations   | 2 |  2.3
Fire Magic     | 4 |  4.4
Dodging        | 3 |  3.4
Stealth        | 3 |  3.3

Action                   |  1- 3 |  4- 6 || total
-------------------------+-------+-------++-------
Melee: Unarmed           |     2 |       ||     2
 Cast: Foxfire           |   105 |    50 ||   155
       Scorch            |     7 |     3 ||    10
Armor: Robe              |     3 |     2 ||     5
Dodge: Dodged            |    12 |     4 ||    16
